[Event "57th Biel Festival MTO 2024"]
[White "Kobo,Ori"]
[Black "Demchenko,Svitlana"]
[Site "Biel"]
[Round "1.11"]
[Annotator "TA"]
[Result "1-0"]
[Date "2024.07.15"]
[WhiteElo "2529"]
[BlackElo "2176"]
[PlyCount "109"]
[TimeControl "60"]

1. d4 d5 2. c4 e6 3. Nc3 h6 4. Nf3 Nf6 5. cxd5 exd5 6. Bf4 Bd6 7. Be5 c6 8. e3 {[%emt 0:0:32] The position is equal.} Bxe5 9. Nxe5 Nbd7 10. f4 Nxe5 11. fxe5 Ne4 12. Nxe4 dxe4 13. Bc4 Qa5+ 14. Qd2 Qxd2+ 15. Kxd2 Bf5 (15... Ke7 $142 )16. Rhf1 Bg6 17. Rf4 {[%emt 0:1:8] White is much more active. The black rooks are passive.} Ke7 18. Raf1 Rhf8 19. a4 Rad8 (19... a5 $16 20. h4 b6 )20. Kc3 h5 21. g4 hxg4 22. Rxg4 Rh8 {[%emt 0:0:22][%cal Oh8h3] [#]} 23. e6 $1 Rxh2 24. exf7 Rh6 25. Rfg1 ({White should play} 25. Rg5 $18 Kf8 26. a5 )Rd6 $16 26. Rg5 {[%emt 0:0:47] Threatening mate with Re5+.} Kf8 27. b4 Rf6 28. R1g3 (28. Ra5 $16 a6 29. b5 cxb5 30. axb5 Bxf7 31. bxa6 bxa6 32. d5 )Bxf7 $11 29. Rxg7 Rh4 (29... Rh1 $1 $11 30. Rxf7+ Rxf7 31. Bxf7 Kxf7 )30. Bxf7 Rxf7 $16 {[%emt 0:0:2][%mdl 4096] Endgame. KRR-KRR} 31. Rg8+ Ke7 32. R3g4 Rfh7 33. R8g7+ Rxg7 34. Rxh4 {[%emt 0:0:46] KR-KR} (34. Rxg7+ Kd6 $18 )Rg1 35. Rxe4+ Kd6 36. Rh4 Ra1 37. Rh6+ Kd5 (37... Kc7 $16 )38. Rh5+ $14 Ke4 $2 {[%emt 0:0:58] Black is now going downhill.} (38... Ke6 $14 )39. Re5+ $18 Kf3 40. a5 Rc1+ $2 (40... Rd1 {is a better chance.} 41. Kc2 Ke2 )41. Kd2 Rb1 {[%emt 0:18:14] [#]} 42. b5 cxb5 (42... a6 43. b6 )43. d5 {[%emt 0:0:26][%cal Bd4d5,Bd5d6,Bd6d7][%mdl 32] aiming for d6.} Rh1 44. d6 {[%emt 0:2:36][%cal Od6d7] And now d7! would win.} Rh6 45. Rd5 {[%emt 0:0:22][%cal Od6d7] White wants to mate with d7!} ({Less strong is} 45. Rxb5 Rxd6+ 46. Kc3 b6 $11 )Rh8 46. d7 (46. Rxb5 Rd8 $16 )Rd8 47. Kd3 ({Not} 47. Rxb5 Rxd7+ 48. Kc3 Kxe3 $11 )b4 48. e4 {[%emt 0:1:4][%cal Be3e4,Be4e5,Be5e6][%mdl 32] e5 would kill now.} b3 49. Rf5+ {[%emt 0:0:50] White mates.} Kg4 50. Rf7 b6 51. Kc3 Kg5 {[%emt 0:2:48] [#]} 52. e5 $1 ({Weaker is} 52. Kxb3 Kg6 53. Re7 Kf6 $11 )bxa5 53. Kxb3 Rb8+ 54. Ka3 Kg6 55. e6 {[%emt 0:0:9] Weighted Error Value: White=0.08 (flawless) /Black=0.40.  Loses game:     	---       	Black=1      Mistake:       	White=2     	Black=5      Inaccurate:     	---       	Black=5      OK:         	White=15    	Black=12     Best:        	White=5     	Black=3      Brilliant:      	White=1     	---} 1-0

[Event "57th Biel Festival MTO 2024"]
[White "Rappazzo,Johannes"]
[Black "Koustav Chatterjee"]
[Site "Biel"]
[Round "1.12"]
[Annotator "TA"]
[Result "0-1"]
[Date "2024.07.15"]
[WhiteElo "2169"]
[BlackElo "2525"]
[PlyCount "66"]
[TimeControl "60"]

1. e4 e5 2. Nf3 Nc6 3. Bc4 Bc5 4. b4 Bxb4 5. c3 Ba5 6. d4 d6 7. Qb3 Qd7 8. O-O Bb6 9. Nbd2 Na5 10. Qc2 Ne7 {[%emt 0:1:31] Black is slightly better.} 11. dxe5 O-O 12. Ba3 Ng6 13. exd6 cxd6 14. Bd5 Qc7 15. c4 Nf4 16. g3 Nxd5 17. exd5 h6 {[%emt 0:0:3] Inhibits Ng5.} 18. Qe4 {[%emt 0:23:20] Dodges Re8} Bh3 19. Rfe1 Rac8 20. Qh4 (20. Rac1 $1 $14 {keeps the upper hand.} )Nxc4 $17 21. Rec1 {[%emt 0:10:43] [#]} (21. Nxc4 $17 Qxc4 22. Qxh3 )Nxd2 $1 $19 22. Nxd2 Qd7 23. Ne4 $2 (23. Nc4 {was the crucial defense.} )Rxc1+ 24. Rxc1 Re8 {[%emt 0:0:5] And now ...Qf5 would win.} 25. Re1 Re5 {[%emt 0:4:33] [#] Threatens to win with ...Bd8.} 26. Bb2 Bd8 {[%emt 0:1:9] A strong pair of Bishops.} 27. Qf4 Rxd5 28. Qf3 Qf5 (28... Ba5 $142 29. Bc3 Rf5 )29. Qc3 (29. Qxf5 Bxf5 30. Nc3 )Re5 {[%emt 0:0:11] ...Bb6 would now be deadly. Black is clearly winning.} 30. Re2 Ba5 ({Not} 30... Rxe4 31. Qxg7# )31. Qd3 Rd5 32. Qb3 Bg4 33. Re3 Rd1+ {[%emt 0:0:15] Weighted Error Value: White=1.16/Black=0.66.  Mistake:       	White=4     	Black=1      Inaccurate:     	White=3     	Black=3      OK:         	White=5     	Black=7      Best:        	White=1     	Black=1      Strong:       	---       	Black=1} 0-1

[Event "57th Biel Festival MTO 2024"]
[White "Xiao,Tong"]
[Black "Frayna,Janelle Mae"]
[Site "Biel"]
[Round "1.13"]
[Annotator "TA"]
[Result "1-0"]
[Date "2024.07.15"]
[WhiteElo "2518"]
[BlackElo "2164"]
[PlyCount "67"]
[TimeControl "60"]

1. e4 c6 2. d4 d5 3. e5 c5 4. dxc5 e6 5. a3 Nc6 6. Nf3 Bxc5 7. b4 {[%emt 0:0:44] Dodges Qa5} Be7 8. Bb2 {[%emt 0:2:20] White is slightly better.} f6 9. Nbd2 Nh6 10. c4 O-O 11. exf6 Bxf6 12. Bxf6 Qxf6 13. Be2 Ne5 14. O-O Ng6 15. Re1 b6 16. cxd5 exd5 17. Nf1 (17. Qb3 $14 )Nf4 $1 $11 18. Qd4 Qd6 (18... Bh3 $11 19. Qxf6 (19. gxh3 Nxe2+ 20. Rxe2 Qxf3 $15 )Rxf6 20. gxh3 (20. Ne3 Bxg2 21. Nxd5 Nxd5 $17 )Nxe2+ 21. Rxe2 Rxf3 )19. Ne5 Bb7 20. Ng3 Ne6 21. Qb2 Rad8 22. Rac1 Ng5 (22... Kh8 $14 )23. Bb5 $16 a6 24. Bc6 {[%emt 0:1:3] White is more active.} Bc8 25. Qd4 b5 26. Red1 Be6 {[%emt 0:3:15] [#]} 27. Bb7 $1 Nf5 28. Nxf5 Rxf5 29. f4 {[%emt 0:0:38][%cal Oc1c6] Strongly threatening Rc6!} Nf7 30. Rc6 Qe7 31. Bxa6 Nd6 32. Re1 Ne4 33. g3 g5 $2 {[%emt 0:1:1] [#]} (33... Rxe5 34. fxe5 (34. Qxe5 Qa7+ 35. Kh1 Bg4 $11 )Ng5 )34. Ng4 {[%emt 0:0:30] Weighted Error Value: White=0.10 (very precise) /Black=0.37.  Mistake:       	White=1     	Black=3      Inaccurate:     	---       	Black=4      OK:         	White=17    	Black=7      Best:        	White=1     	---        Strong:       	---       	Black=1} 1-0

[Event "57th Biel Festival MTO 2024"]
[White "Vincenti,Leonardo"]
[Black "Sokolovsky,Yahli"]
[Site "Biel"]
[Round "1.14"]
[Annotator "TA"]
[Result "0-1"]
[Date "2024.07.15"]
[WhiteElo "2166"]
[BlackElo "2492"]
[PlyCount "58"]
[TimeControl "60"]

1. e4 e5 2. Nf3 Nc6 3. d4 exd4 4. Nxd4 Bc5 5. Be3 Qf6 6. c3 d6 7. Bc4 Qg6 8. O-O Ne5 9. Be2 Bh3 {[%emt 0:2:29][%csl Gh3][%cal Rg6g2] Black is slightly better.} 10. Bf3 Nf6 11. Nd2 {[%emt 0:8:59] [#]} (11. Kh1 $15 Bd7 12. Nd2 )O-O ({Better is} 11... Nh5 $1 $17 {White must now prevent ...Nxf3+.} 12. Re1 Nxf3+ 13. Qxf3 Bg4 )12. Nf5 Bxf5 $15 13. exf5 Qxf5 14. Bxb7 Rab8 15. Bxc5 dxc5 16. Ba6 {[%emt 0:12:48][%mdl 8192] [#]} (16. f4 $1 $15 Ng6 (16... Rxb7 17. fxe5 Qxe5 18. Qf3 $15 )17. Qf3 )Rfd8 (16... Rxb2 17. Nc4 Nxc4 18. Bxc4 $17 )(16... Qf4 $142 17. Qe2 Nfg4 (17... Rxb2 $2 18. g3 $19 ))17. Qc1 Nfg4 {[%emt 0:6:7] Excellent horsemanship.} 18. f4 Nd3 {[%emt 0:20:8] Black is much more active.} (18... Ng6 $17 {[%cal Of5e6] ...Qe6! is the strong threat.} 19. Nb3 Qe6 )19. Bxd3 Rxd3 20. Rf3 $2 (20. Nc4 $11 )Ne3 21. Nf1 Rd1 $40 {[%emt 0:0:58][%mdl 128] White is in trouble.} 22. Qxd1 Nxd1 23. Rxd1 c4 ({Weaker is} 23... Rxb2 24. Rd8# )24. Rf2 h6 25. Ng3 Qc5 26. Ne4 $2 (26. Rdd2 )Qe3 $19 {[%emt 0:1:0] Black is clearly winning.} 27. Rd4 Rxb2 28. Nd2 {[%emt 0:0:5] Inhibits Rb1+.} Qxc3 29. Rxc4 Qd3 {[%emt 0:0:20] Weighted Error Value: White=0.98/Black=0.59.  Loses game:     	White=2     	---        Mistake:       	White=3     	Black=3      Inaccurate:     	White=1     	Black=2      OK:         	White=7     	Black=5      Best:        	White=2     	Black=4} 0-1

[Event "57th Biel Festival MTO 2024"]
[White "Madaminov,Mukhiddin"]
[Black "Malli,Suvirr"]
[Site "Biel"]
[Round "1.15"]
[Annotator "TA"]
[Result "1-0"]
[Date "2024.07.15"]
[WhiteElo "2517"]
[BlackElo "2147"]
[PlyCount "81"]
[TimeControl "60"]

1. e4 c5 2. Nf3 d6 3. d4 cxd4 4. Nxd4 Nf6 5. Bd3 e5 6. Nf3 Be7 7. c4 O-O 8. Nc3 {[%emt 0:0:49] Weiß hat minimalen Vorteil.} Na6 9. h3 Be6 10. O-O Nc5 11. b3 Nxd3 12. Qxd3 Ne8 13. Rd1 {[%emt 0:6:38] Weiß behält die Zügel nun fest in der Hand.} Kh8 14. Qe3 {[%emt 0:4:25] Schwarz muss nun Nxe5 beachten.} Qc8 15. Ba3 {[%emt 0:2:47] Zielt auf Nxe5 ab. Weiß steht deutlich aktiver. Die schwarzen Türme stehen passiv.} f5 (15... f6 $16 )16. Nxe5 {[%emt 0:14:27] Und exf5 würde nun gewinnen.} Bf6 (16... f4 $16 17. Qf3 Qc7 )17. exf5 $18 (17. Bxd6 $2 Nxd6 18. f4 Nxe4 19. Nxe4 fxe4 20. Qxe4 Qc5+ 21. Qd4 Qa5 $19 (21... Qxd4+ $2 22. Rxd4 Kg8 23. Kh2 $19 ))Bxf5 18. Bxd6 Nxd6 19. Rxd6 Re8 20. f4 Be7 21. Rd5 Be6 22. Rd4 Bc5 {[%emt 0:2:6] [#]} 23. Ne4 $1 Bxd4 24. Qxd4 {[%emt 0:0:9] Und jetzt Nd6 wäre schön.} Qd8 {[%emt 0:7:17] [#]} (24... Re7 {war angesagt.} 25. Nd6 Qc7 )25. Nd6 $1 {[%emt 0:2:55] Ein dynamisches Springerpaar.} Rf8 {[%emt 0:1:45] [#] Verhindert Ndf7+} 26. f5 $1 Bg8 {[%emt 0:5:1] Schwarz ist schwach auf den weissen Feldern} 27. Rd1 Qg5 28. Rd3 (28. Nxb7 Rxf5 29. Ng4 Raf8 $17 )(28. g4 $18 )b6 (28... Rxf5 $16 29. Nf3 (29. Nxf5 Qxf5 30. Re3 Rf8 $18 )Qf6 (29... Qc1+ $2 30. Rd1 $16 ))29. Kh2 ({Besser ist} 29. h4 $18 Qe7 30. h5 )Qf6 (29... Rxf5 $16 30. Nxf5 Qxf5 )30. Nd7 Qxd4 31. Rxd4 Rfd8 32. Ne5 Rf8 {[%emt 0:3:16] Lässt Ndf7+ nicht zu} 33. Rh4 g5 34. Rd4 ({Auf keinen Fall} 34. fxg6 $6 Rf6 $16 )Kg7 35. g4 h5 $2 (35... a5 {war einen Versuch wert.} 36. h4 (36. Nd7 Rfd8 $18 )h6 37. hxg5 hxg5 )36. gxh5 Kh6 37. Ng4+ Kxh5 (37... Kh7 $18 38. Kg3 Rad8 )38. Ne4 {[%emt 0:0:31] Weiß setzt Matt.} Rad8 39. Ng3+ Kh4 40. Ne3+ Rxd4 41. Ng2# {[%emt 0:50:5] Gewichteter Fehlerwert: Weiß=0.18 (sehr präzise) /Schwarz=0.52.  Fehler:       	Weiß=2     	Schwarz=7     Ungenau:       	Weiß=1     	Schwarz=2     OK:         	Weiß=15    	Schwarz=11    Bester:       	Weiß=1     	---        Stark:        	Weiß=1     	---} 1-0

[Event "57th Biel Festival MTO 2024"]
[White "Asllani,Dorian"]
[Black "Valsecchi,Alessio"]
[Site "Biel"]
[Round "1.16"]
[Annotator "TA"]
[Result "0-1"]
[Date "2024.07.15"]
[WhiteElo "2154"]
[BlackElo "2483"]
[PlyCount "106"]
[TimeControl "60"]

1. d4 Nf6 2. c4 e6 3. Nc3 d5 4. Nf3 dxc4 5. e3 a6 6. a4 b6 7. Bxc4 Bb7 {[%emt 0:0:12] Against e4} 8. O-O Bb4 {[%emt 0:1:13] The position is equal.} 9. Qe2 O-O 10. Rd1 Qe7 11. Na2 Bd6 12. b3 Nbd7 13. Bb2 e5 14. dxe5 Nxe5 15. Nxe5 Bxe5 16. h3 Ne4 17. Bd5 Bxb2 18. Qxb2 (18. Bxb7 {simplifies} Bxa1 19. Bxa8 Rxa8 20. Rxa1 a5 21. Rd1 )Bxd5 19. Rxd5 Rad8 20. Rad1 Rxd5 21. Rxd5 a5 22. Nc1 h6 23. Qc2 Qe6 24. Rd4 Nc5 25. Qc4 Qxc4 26. Rxc4 $11 {[%emt 0:0:14][%mdl 4096] Endgame. KRN-KRN} Rd8 27. Rd4 Rxd4 28. exd4 {[%emt 0:0:1] KN-KN} Ne6 29. Ne2 Kf8 30. f4 c5 31. dxc5 Nxc5 32. Nc3 $2 {[%emt 0:1:10] [#] White does not recover from this.} (32. Nd4 $11 {and White is okay.} )Ke7 $1 $19 (32... Nxb3 33. Nd5 $17 )33. Nd5+ Kd6 34. Nxb6 {[%emt 0:0:3] Strongly threatening Nc4+.} Nxb3 35. Kf2 Kc5 36. Nc8 {[%emt 0:2:0] [#]} Kb4 $1 37. Ke3 Kxa4 38. Kd3 Kb4 39. Nb6 Nc5+ 40. Kc2 (40. Kd4 $142 )Ne6 41. g3 Kc5 42. Nc8 (42. Nd7+ $142 Kd5 43. Kc3 )h5 {[%emt 0:2:23][%cal Oh5h4] aiming for ...h4!} 43. Ne7 {[%emt 0:5:34] [#]} h4 $1 44. gxh4 Nxf4 45. Nf5 g6 ({Stronger than} 45... Nxh3 46. Nxg7 Kd4 47. Nf5+ Ke5 48. Ne3 $11 )46. Nh6 f5 ({And not} 46... Nxh3 47. Nxf7 Kb4 48. Ne5 $11 )47. Ng8 Kd6 48. Nh6 Ke6 {[%emt 0:0:21] Black mates.} 49. Kb3 Kf6 50. Ka4 Kg7 51. Ng4 fxg4 52. hxg4 Ng2 53. h5 g5 {[%emt 0:0:6] Weighted Error Value: White=0.55/Black=0.02 (flawless) .  Loses game:     	White=1     	---        Mistake:       	White=2     	---        Inaccurate:     	White=1     	---        OK:         	White=15    	Black=16     Best:        	---       	Black=5      Strong:       	---       	Black=2} ({Not} 53... gxh5 54. gxh5 Ne3 55. Kxa5 $11 )0-1

[Event "57th Biel Festival MTO 2024"]
[White "Macovei,Andrei"]
[Black "Vemparala,Nikash"]
[Site "Biel"]
[Round "1.17"]
[Annotator "TA"]
[Result "1-0"]
[Date "2024.07.15"]
[WhiteElo "2479"]
[BlackElo "2170"]
[PlyCount "79"]
[TimeControl "60"]

1. e4 e5 2. Nf3 Nc6 3. Bc4 Bc5 4. c3 Nf6 5. d3 O-O 6. O-O d6 7. h3 a6 8. a4 Ba7 9. Re1 Ne7 10. d4 {[%emt 0:8:0] Weiß steht etwas besser.} Ng6 11. Nbd2 c6 12. Bf1 Re8 13. a5 Qc7 14. Qc2 Bd7 15. dxe5 Nxe5 16. Nxe5 dxe5 17. Nf3 h6 18. Bc4 Be6 19. Bxe6 Rxe6 20. Nh4 Rd8 21. Nf5 {[%emt 0:2:58] Verhindert Red6.} Ne8 22. Be3 Bxe3 23. Nxe3 Nd6 24. Red1 Nb5 25. Rxd8+ Qxd8 26. Nc4 Nd6 27. Rd1 Qe7 28. Ne3 {[%emt 0:2:41] Weiß steht aktiver.} Rg6 (28... Qc7 $14 )29. g3 Qg5 (29... Re6 $14 )30. Kg2 $16 h5 {[%emt 0:1:30] [#]} 31. h4 $1 $36 {[%emt 0:0:9][%mdl 2560] Weiss bestimmt, wo es lang geht.} Qe7 {[%emt 0:0:49][%cal Oe7c7] [#]} (31... Qxh4 $2 32. Rxd6 Qg5 33. Rxg6 Qxg6 34. Qd3 $18 )(31... Qd8 32. Nf5 )32. Qe2 (32. c4 $142 $1 )Qf6 $2 {[%emt 0:8:8] Das Aus für Schwarz.} (32... Qxh4 $2 {verliert.} 33. Rxd6 Qxe4+ 34. f3 $18 )(32... Rf6 $16 {ist wohl besser.} )33. Qxh5 $18 Rh6 $2 {[%emt 0:2:24] [#] Es drohte Nf5} (33... Qe7 34. Nf5 Qf8 )34. Ng4 $1 {[%emt 0:1:27][%csl LRe5,LRf6,LRh6] Weiß steht klar auf Gewinn.} Rxh5 35. Nxf6+ gxf6 36. Rxd6 {[%emt 0:0:10] KR-KR} Kg7 37. Rd7 Rh8 38. Rxb7 Rd8 39. Rb6 Rd2 40. b4 {[%emt 0:0:3] Gewichteter Fehlerwert: Weiß=0.10 (sehr präzise) /Schwarz=0.38.  Verlustzug:     	---       	Schwarz=1     Fehler:       	Weiß=1     	Schwarz=3     Ungenau:       	Weiß=1     	Schwarz=3     OK:         	Weiß=12    	Schwarz=5     Bester:       	Weiß=2     	---} 1-0

[Event "57th Biel Festival MTO 2024"]
[White "Schnell,Simon"]
[Black "Assaubayeva,Bibisara"]
[Site "Biel"]
[Round "1.18"]
[Annotator "TA"]
[Result "1/2-1/2"]
[Date "2024.07.15"]
[WhiteElo "2139"]
[BlackElo "2472"]
[PlyCount "72"]
[TimeControl "60"]

1. d4 Nf6 2. c4 g6 3. Nc3 Bg7 4. e4 d6 5. Be2 O-O 6. Nf3 Na6 7. O-O e5 8. d5 Nc5 9. Qc2 a5 10. Bg5 h6 11. Be3 b6 12. Nd2 Nfd7 (12... Ng4 $11 )13. b3 f5 14. f3 f4 {[%emt 0:10:9] Weiß steht etwas besser.} 15. Bf2 Bf6 16. Kh1 Bh4 17. Bg1 Nf6 18. Rfc1 g5 19. a3 Na6 (19... a4 $11 {ist eher angebracht.} )20. Qb2 g4 21. fxg4 Nxg4 22. Bxg4 Bxg4 23. Nf3 Be7 24. b4 Rf7 25. bxa5 bxa5 26. Qc2 Rg7 27. Na4 (27. Qe2 $11 {hält das Gleichgewicht.} )h5 (27... Bxf3 $17 28. gxf3 Qd7 )28. Rf1 $1 $11 Kh8 29. c5 Qe8 30. c6 Qg6 (30... h4 $1 $11 31. h3 Bxf3 32. Rxf3 Qh5 )31. h3 Rag8 32. Ra2 $1 (32. hxg4 $2 {geht unter.} hxg4 33. Bh2 (33. Nh2 $2 g3 $19 )Qh5 $19 (33... gxf3 34. Rxf3 Rh7 35. Rh3 $19 ))Bc8 (32... Qh7 $14 )33. Rb2 {[%emt 0:4:13] Aktives Gegenspiel!} Qh7 {[%emt 0:2:9] [#] Droht ...Rxg2 und aus.} 34. Rf2 h4 ({Besser ist} 34... Bg4 $14 35. Qc4 (35. hxg4 $2 {verliert.} hxg4+ 36. Bh2 gxf3 $19 )Nc5 36. Nxc5 (36. hxg4 $2 {ist das falsche Schlagen.} hxg4+ 37. Bh2 Nxe4 $19 )dxc5 )35. Bh2 $18 Qh5 36. Qd3 Qh7 {[%emt 0:11:18] Gewichteter Fehlerwert: Weiß=0.17 (sehr präzise) /Schwarz=0.34.  Fehler:       	Weiß=1     	Schwarz=6     Ungenau:       	Weiß=5     	Schwarz=5     OK:         	Weiß=8     	Schwarz=7     Stark:        	Weiß=2     	---} (36... Nc5 $16 37. Nxc5 dxc5 38. Nxe5 Qxe5 )1/2-1/2

[Event "57th Biel Festival MTO 2024"]
[White "Bilguun,Sumiya"]
[Black "Coles,Ruben"]
[Site "Biel"]
[Round "1.19"]
[Annotator "TA"]
[Result "1-0"]
[Date "2024.07.15"]
[WhiteElo "2466"]
[BlackElo "2141"]
[PlyCount "121"]
[TimeControl "60"]

1. e4 e6 2. Qe2 c5 3. Nf3 Nc6 4. d3 g6 5. g3 Bg7 6. Bg2 Nge7 {[%emt 0:0:25] C00: French: Unusual White 2nd moves.} 7. h4 h6 8. O-O O-O 9. c3 e5 10. a3 a5 $146 ({Predecessor:} 10... d6 11. b4 Bg4 12. b5 Na5 13. Nbd2 Qd7 14. a4 f5 15. exf5 gxf5 16. Bb2 c4 17. dxc4 {0-1 Mickiewicz,P (2371)-Plischki,S (2343) Marianske Lazne IM-A 11th 2012 (6)} )11. a4 d5 12. Na3 Be6 13. exd5 Bxd5 14. Nc4 Bxc4 15. dxc4 Nf5 16. Nh2 Qe7 17. Ng4 h5 18. Ne3 Nxe3 19. Bxe3 e4 20. Bf4 f5 21. f3 Rae8 22. fxe4 fxe4 (22... Be5 $16 23. Rad1 Bxf4 24. Rxf4 Nd8 )23. Rae1 $18 Be5 24. Qxe4 Qg7 25. Qd5+ Kh7 26. Qxc5 Bxf4 27. Rxe8 (27. gxf4 Rxe1 28. Rxe1 Rxf4 $16 )Rxe8 28. Rxf4 (28. gxf4 Re2 29. Qg5 Qe7 30. Qxe7+ Nxe7 $18 )Re1+ 29. Rf1 Re2 30. Rf2 Re1+ {[%emt 0:0:53] [#]} 31. Rf1 (31. Bf1 $142 $1 )Re2 $18 32. Bxc6 Qc7 33. Rf4 bxc6 34. Qf8 Qa7+ 35. c5 Re7 (35... Re1+ $142 36. Kg2 Re2+ 37. Kf1 Re7 )36. Kh2 Re2+ 37. Kg1 $2 (37. Rf2 Rxf2+ 38. Qxf2 Kg7 $16 )({White should play} 37. Kh1 $18 Re1+ 38. Kh2 Re2+ 39. Rf2 )Re1+ $2 (37... Re7 $1 $11 )38. Kh2 Re2+ $1 39. Rf2 Qa6 (39... Rxf2+ $142 40. Qxf2 Qb8 )40. Qf7+ $18 Kh8 41. Qf3 Rxf2+ 42. Qxf2 Kg8 43. Qe1 Kf7 44. Qe4 Qb7 45. Qc4+ Kg7 46. Qd4+ Kh7 47. b4 Qe7 48. Qd2 ({Don't play} 48. bxa5 Qe2+ 49. Kg1 Qe1+ 50. Kg2 Qe2+ 51. Qf2 Qc4 $18 )Qe4 (48... Qb7 $142 49. bxa5 Qa6 50. Qd7+ Kh8 )49. Qg2 Qc4 50. Qxc6 ({Inferior is} 50. bxa5 Qxa4 51. g4 hxg4 $11 )Qxc3 51. bxa5 (51. Qc7+ Kh6 $11 )Qc2+ 52. Qg2 Qxc5 53. a6 Kh6 54. Qb2 Kh7 55. Qb7+ (55. a5 $142 {White wants to mate with Qb7+.} Qxa5 56. Qb7+ Kh6 57. a7 Qa2+ 58. Kg1 Qa1+ 59. Kg2 Qa2+ 60. Kf3 Qa3+ 61. Ke4 Qa4+ 62. Kd5 Qa5+ 63. Kd6 Qd8+ 64. Ke6 Qg8+ 65. Ke5 )Kh6 (55... Kh8 $18 56. a7 Qf2+ 57. Kh3 Qf5+ 58. Kg2 Qc2+ 59. Kh1 Qd1+ 60. Kh2 Qe2+ 61. Qg2 Qxg2+ 62. Kxg2 Kg7 )56. a7 Qf2+ 57. Kh3 Qf5+ 58. Kg2 Qc2+ 59. Kh1 Qd1+ 60. Kh2 Qe2+ 61. Qg2 1-0

[Event "57th Biel Festival MTO 2024"]
[White "Bommini Mounika Akshaya"]
[Black "Ansat,Aldiyar"]
[Site "Biel"]
[Round "1.20"]
[Annotator "RC"]
[Result "1-0"]
[Date "2024.07.15"]
[WhiteElo "2140"]
[BlackElo "2437"]
[PlyCount "145"]
[TimeControl "60"]

1. d4 Nf6 2. c4 g6 3. Nc3 d5 4. Nf3 Bg7 5. h4 c6 6. cxd5 cxd5 7. Bf4 Nc6 8. e3 O-O 9. Ne5 Qb6 10. Qd2 Bf5 11. Be2 Rfc8 12. f3 h5 13. O-O Qd8 14. Rad1 a6 15. Qe1 b5 16. e4 Be6 17. Nxc6 Rxc6 18. e5 Nd7 19. Bd3 Nb6 20. Ne2 Qd7 21. Ng3 Na4 22. Qd2 Qe8 23. Rc1 Rac8 24. Rxc6 Rxc6 25. Rc1 Rxc1+ 26. Qxc1 Qc8 27. Qd2 Bd7 28. Kh2 Be8 29. Bh6 f6 30. Bxg7 Kxg7 31. Ne2 Bf7 32. b3 Nb6 33. Nf4 Qb8 34. Qe3 Nd7 35. e6 Bxe6 36. g3 Bf7 37. Qxe7 Qe8 38. Qxe8 Bxe8 39. Nxd5 Bf7 40. Nc7 Nb8 41. d5 f5 42. d6 Kf6 43. f4 Be6 44. Kg2 Bc8 45. Kf2 Nc6 46. Ke3 Kf7 47. a3 Na5 48. a4 Nxb3 49. axb5 axb5 50. Bxb5 Nc5 51. Be8+ Kg7 52. Kd4 Ne4 53. Ke5 Nxg3 54. Ne6+ Kh6 55. d7 Bxd7 56. Bxd7 Nf1 57. Ng5 Kg7 58. Bc6 Ne3 59. Kd4 Ng4 60. Bf3 Nf6 61. Ke5 Nd7+ 62. Kd6 Nb6 63. Ke7 Nc8+ 64. Ke6 Nb6 65. Be2 Na4 66. Ke7 Nc3 67. Bf3 Nb1 68. Ne6+ Kh6 69. Kf7 Nd2 70. Bg2 Nc4 71. Nf8 Nd6+ 72. Kf6 Ne8+ 73. Ke7 1-0

[Event "57th Biel Festival MTO 2024"]
[White "Deuer,Marius"]
[Black "Woong,Zhi Wei William"]
[Site "Biel"]
[Round "1.21"]
[Annotator "TA"]
[Result "1-0"]
[Date "2024.07.15"]
[WhiteElo "2435"]
[BlackElo "2139"]
[PlyCount "109"]
[TimeControl "60"]

1. d4 d5 2. c4 e6 3. Nc3 Be7 4. cxd5 exd5 5. Bf4 c6 6. e3 Bf5 7. Nge2 Nf6 8. Ng3 Be6 9. Bd3 O-O 10. O-O {[%emt 0:5:5] White is slightly better.} Re8 11. h3 Nbd7 12. Be5 (12. Rc1 $14 )Nb6 (12... Nxe5 $15 13. dxe5 Nd7 )13. Nge2 Nc8 14. Qc2 h6 15. Bh2 Bd6 16. Nf4 Bb8 ({Better is} 16... Bd7 $11 )17. f3 $14 Nb6 18. Qf2 Qd7 19. g4 {[%emt 0:6:26] Prevents Bf5.} Bd6 20. Rad1 Rad8 21. Kh1 Qc7 22. Qh4 {[%emt 0:3:1] And now g5 would win.} Qe7 23. Rg1 Nh7 24. Qf2 (24. Qxe7 {simplifies} Rxe7 25. Nxe6 Rxe6 26. Bxd6 Rdxd6 27. Rge1 )c5 {[%emt 0:0:37] White stays focused until the end.} (24... Ng5 $11 {keeps the balance.} )25. Nb5 {[%emt 0:0:57] [#] aiming for Nxd6. White is much more active.} Bxf4 26. Bxf4 {[%emt 0:5:23] Black must now prevent dxc5.} c4 (26... Ng5 $16 )27. Bb1 $18 a6 (27... g5 $142 )28. Nc7 Rf8 29. Qc2 {[%emt 0:3:11][%csl Gb1][%cal Rc2h7] [#]} g6 30. Nxe6 Qxe6 31. Bxh6 Rfe8 32. Bf4 Nf6 33. Kg2 Rc8 34. Kf2 Nbd7 35. h4 Nf8 36. h5 N6h7 37. Rde1 g5 38. Be5 f6 39. Bg3 b5 40. Qd2 Qb6 41. e4 dxe4 42. Rxe4 ({Much less strong is} 42. Bxe4 Ne6 43. Bf5 Nhf8 $18 )(42. fxe4 Rcd8 43. Qe3 Qxd4 $14 )Red8 43. Kg2 {[%emt 0:4:2] White is clearly winning.} b4 44. Rd1 c3 45. bxc3 bxc3 46. Qe2 Qc6 47. Bc2 Kh8 48. Re7 Re8 49. d5 Rxe7 50. Qxe7 Qb5 {[%emt 0:0:15] Black is weak on the light squares} 51. h6 Qd7 52. Qxd7 Nxd7 53. Bf5 Nhf8 54. Bd6 {[%emt 0:0:5] Hoping for Bxf8. This pair of bishops is nice.} Rd8 55. Rc1 {[%emt 0:0:59] Weighted Error Value: White=0.17 (very precise) /Black=0.31.  Mistake:       	White=1     	Black=5      Inaccurate:     	White=3     	Black=2      OK:         	White=21    	Black=8      Best:        	---       	Black=2} 1-0